 Dungeon Crawl Stone Soup version 0.26.1-11-gd32895ea62 (webtiles) character file.

Game seed: 4702612454017269116

17 Descartes the Changer (level 2, 0/12 HPs)
             Began as a Felid Transmuter on July 18, 2021.
             Slain by a worm (9 damage)
             ... on level 2 of the Dungeon.
             The game lasted 00:00:49 (842 turns).

Descartes the Changer (Felid Transmuter)             Turns: 842, Time: 00:00:49

Health: 0/12       AC:  1    Str:  6    XL:     2   Next: 44%
Magic:  6/6        EV: 18    Int: 14    God:
Gold:   10         SH:  0    Dex: 16    Spells: 4/5 levels left
                                        Lives:  0   Deaths: 0

rFire    . . .     SeeInvis +     - Unarmed
rCold    . . .     Faith    .   (shield unavailable)
rNeg     . . .     Spirit   .   (armour unavailable)
rPois    .         Reflect  .   (helmet unavailable)
rElec    .         Harm     .   (cloak unavailable)
rCorr    .         Rampage  .   (gloves unavailable)
Will     .....                  (boots unavailable)
Stlth    ++........             (no amulet)
HPRegen  0.04/turn              (no ring)
MPRegen  0.10/turn              (no ring)

@: quick
A: very small, no armour, no weapons or thrown items, stealth, claws 1, fangs 3,
see invisible, speed 1, shaggy fur 1, sharp paws
a: no special abilities


You were on level 2 of the Dungeon.
You visited 1 branch of the dungeon, and saw 2 of its levels.

You collected 10 gold pieces.

Inventory:

Missiles
 f - 7 stones
Scrolls
 a - a scroll of enchant armour {unknown}
 b - a scroll of identify {unknown}
 d - a scroll of remove curse {unknown}
 g - a scroll of enchant weapon {unknown}
Potions
 c - a potion of heal wounds {unknown}
 e - a potion of attraction {unknown}


   Skills:
 - Level 1.0 Fighting
 - Level 2.6 Dodging
 - Level 3.0 Unarmed Combat
 - Level 2.0 Spellcasting
 + Level 3.4 Transmutations


You had 4 spell levels left.
You knew the following spells:

 Your Spells              Type           Power        Failure   Level
a - Beastly Appendage     Tmut           22%          6%          1

Your spell library contained the following spells:

 Spells                   Type           Power        Failure   Level
 Wereblood                Tmut           11%          9%          2
 Spider Form              Tmut/Pois      3%           34%         3
 Ice Form                 Ice/Tmut       6%           75%         4
 Blade Hands              Tmut           5%           85%         5


Dungeon Overview and Level Annotations

Branches:
Dungeon (2/15)

Altars:


Innate Abilities, Weirdness & Mutations

You cannot wear armour.
You are incapable of wielding weapons or throwing items.
Your paws allow you to move quietly. (Stealth)
You have sharp claws.
You have razor-sharp teeth.
You have supernaturally acute eyesight. (SInv)
You cover ground quickly.
You are covered in fur. (AC +1)
Your sharp claws are effective at attacking unaware monsters.


Message History

You see here a ring mail.
There is an escape hatch in the floor here.
You slide downwards.
The hatch slams shut behind you.
A bat, a quokka, a worm and an ooze come into view.
Found a short sword and a silvery potion.
You pounce on the unaware helpless ooze!
You scratch the ooze.
The ooze is heavily wounded.
The ooze hits you.
You scratch the ooze but do no damage.
The ooze is heavily wounded.
The ooze barely misses you.
You scratch the ooze.
The ooze is almost dead.
The ooze barely misses you. The bat barely misses you.
You scratch the ooze.
The ooze is almost dead.
The bat misses you. The worm bites you!
Ouch! That really hurt!
You die...

####
##...##
##.....##
#...)...#
#.@J....#
#rw.....#
.....b..##
####..!..#
.......#
.......#
.......#
##.....##


You could see a worm, an ooze, a quokka and a bat.

Vanquished Creatures
  2 leopard geckos (D:1)
  A bat (D:1)
  A giant cockroach (D:1)
  A goblin (D:1)
  2 hobgoblins (D:1)
  4 kobolds (D:1)
  3 rats (D:1)
14 creatures vanquished.

Notes
Turn   | Place    | Note
-------+----------+-------------------------------------------
     0 | D:1      | Descartes the Felid Transmuter began the quest for the Orb.
     0 | D:1      | Reached XP level 1. HP: 9/9 MP: 4/4
     3 | D:1      | Noticed an electric eel
     4 | D:1      | Noticed an electric eel
   377 | D:1      | Reached XP level 2. HP: 12/12 MP: 6/6
   842 | D:2      | Slain by a worm

Illustrated notes

Levels and vault maps discovered:
D:1:      arrival_aquarium_b, layout_basic
D:2:      layout_rooms, uniq_robin

Skill      XL: |  1 |
---------------+----+-----
Transmutations | 3 |  3.4
Fighting       | |  1.0
Dodging        | |  2.6
Unarmed Combat | |  3.0
Spellcasting   | |  2.0

Action                   || total
-------------------------++-------
Melee: Unarmed           ||    41
       Bite              ||     3
 Stab: Sleeping          ||     6
Armor: Skin              ||     1
Dodge: Dodged            ||    31
